 Dungeon Crawl Stone Soup version 0.31.0-12-g77e489cdc1 (webtiles) character file.

Game seed: 766367701602186122

2 Rassilon the Shield-Bearer (level 1, 0/14 HPs)
             Began as a Gargoyle Fighter on Feb 17, 2024.
             Frozen to death by an endoplasm (3 damage)
             ... on level 1 of the Dungeon.
             The game lasted 00:00:25 (208 turns).

Rassilon the Shield-Bearer (Gargoyle Fighter)        Turns: 208, Time: 00:00:28

Health: 0/14       AC:  9    Str: 19    XL:     1   Next: 30%
Magic:  1/1        EV:  9    Int:  8    God:
Gold:   9          SH:  4    Dex:  9    Spells: 0/0 levels left

rFire   . . .        a - +0 flail
rCold   . . .        c - +0 buckler
rNeg    + . .        b - +0 scale mail
rPois   ∞            (no helmet)
rElec   +            (no cloak)
rCorr   .            (no gloves)
SInv    .            (no boots)
Will    .....        (no amulet) Stlth
                     (no ring)
HPRegen 0.22/turn    (no ring)
MPRegen 0.07/turn

%: no passive effects
@: no status effects
A: sickness immunity, AC +2, negative energy resistance 1, electricity
resistance, torment resistance 1, petrification resistance
a: no special abilities


You were on level 1 of the Dungeon.
You visited 1 branch of the dungeon, and saw 1 of its levels.

You collected 9 gold pieces.

Inventory:

Hand Weapons
 a - a +0 flail (weapon)
Armour
 b - a +0 scale mail (worn)
 c - a +0 buckler (worn)
Scrolls
 e - 2 scrolls of identify {unknown}
Potions
 d - a potion of might


   Skills:
 + Level 3.3 Fighting
 * Level 2.0 Maces & Flails
 + Level 3.3 Armour
 + Level 3.3 Shields


You couldn't memorise any spells.
You didn't know any spells.
Your spell library was empty.

Dungeon Overview and Level Annotations

Branches:
Dungeon (1/15)

Altars:


Innate Abilities, Weirdness & Mutations

You are immune to sickness and miasma.
Your stone body is resilient. (AC +2)
You are immune to poison.
You resist negative energy. (rN+)
You are resistant to electric shocks. (rElec)
You are resistant to unholy torment.
You are immune to petrification.


Message History

You block the rat's attack. The kobold closely misses you.
You miss the kobold. You block the hobgoblin's attack.
The rat barely misses you. The kobold hits you but does no damage.
You closely miss the kobold. The hobgoblin closely misses you.
You block the rat's attack. The kobold closely misses you.
The rat bites you but does no damage.
The hobgoblin hits you but does no damage.
The kobold hits you but does no damage.
You closely miss the kobold. The hobgoblin closely misses you.
The rat bites you but does no damage. The kobold hits you with a +0 dagger.
You hit the kobold but do no damage. The hobgoblin barely misses you.
The rat bites you but does no damage.
The endoplasm jiggles.
The kobold hits you with a +0 dagger.
You hit the kobold but do no damage. You block the hobgoblin's attack.
The rat barely misses you. The kobold hits you but does no damage.
The rat bites you. The hobgoblin hits you with a +0 club.
* * * LOW HITPOINT WARNING * * *
The kobold hits you but does no damage. The kobold hits you but does no damage.
You see here a rat corpse.
The kobold hits you with a +0 dagger.
* * * LOW HITPOINT WARNING * * *
The endoplasm jiggles.
You sock the rat!
You kill the rat!
You block the hobgoblin's attack. The kobold hits you but does no damage.
The kobold attacks as it pursues you! The kobold hits you with a +0 dagger.
* * * LOW HITPOINT WARNING * * *
The hobgoblin attacks as it pursues you!
The hobgoblin hits you but does no damage.
You closely miss the kobold. The kobold hits you but does no damage.
The hobgoblin hits you but does no damage.
You hit the hobgoblin.
You kill the hobgoblin!
The endoplasm hits you but does no damage.
The kobold barely misses you. The endoplasm freezes you.
You are frozen.
You die...

≈≈##≈#####..##...## #..### #
##.P#....# #.....###
##.###.#.# #.......##
##..###..## #........##
#..###..... #.........#
##.###...... ..
#.........###'###...###. ....
##.....J....#....#..## ##
.....#......K@......#....## ##
......|.†...)....######...###.
......#.........## ##......
..... #.........# ##..... ....
#........#+ ###..# ...
#.......## ##..## .# #..?..###
#..##. #..#### ##.#.. ####
#...#


You could see an endoplasm and a kobold.

Vanquished Creatures
  A hobgoblin (D:1)
  A kobold (D:1)
  2 rats (D:1)
4 creatures vanquished.

Notes
Turn   | Place    | Note
-------+----------+-------------------------------------------
     0 | D:1      | Rassilon the Gargoyle Fighter began the quest for the Orb.
     0 | D:1      | Reached XP level 1. HP: 14/14 MP: 1/1
   208 | D:1      | Frozen to death by an endoplasm

Illustrated notes

Levels and vault maps discovered:
D:1:      dpeg_cavernosity, layout_basic, kennysheep_minor_cross,
          hangedman_abyss_or_decor_stabs, serial_bayou_ford_a

Action                     || total
---------------------------++-------
  Melee: Flail             ||    15
 Armour: Scale mail        ||    32
  Dodge: Dodged            ||    14
  Block: Buckler           ||     6
